Map: King Sejong Station LE

Players

GatePrime - Winner!

  • Race: Protoss Protoss
  • League: Master

Miszu

  • Race: Terran Terran
  • League: Grandmaster

VOD

Have the link to the VOD?

Description

Time

  • Played on: May 26, 2016, 6:48 p.m.
  • Length: 4:36
Show
View Real Time Build Order
Export as new Build Order

GatePrime Protoss - Winner!

Build Orders: 1 Gate Expand, Oracle Opening 

Get SALT Encoding   

  12  0:02  Probe (Chrono Boost)  
  13  0:13  Probe (Chrono Boost)  
  14  0:17  Pylon  
  14  0:23  Probe (Chrono Boost)  
  15  0:35  Probe (Chrono Boost)  
  16  0:37  Gateway  
  16  0:42  Assimilator  
  16  0:47  Probe (Chrono Boost)  
  17  0:57  Probe (Chrono Boost)  
  18  1:08  Probe (Chrono Boost)  
  19  1:26  Nexus  
  19  1:37  Cybernetics Core  
  19  1:38  Probe (Chrono Boost)  
  20  1:43  Assimilator  
  20  1:52  Pylon  
  20  1:54  Probe (Chrono Boost)  
  21  2:05  Probe (Chrono Boost)  
  22  2:15  Adept  
  26  2:16  Mothership Core (Chrono Boost)  
  26  2:18  Warp Gate  
  26  2:34  Probe (Chrono Boost)  
  27  2:40  Probe (Chrono Boost)  
  27  2:42  Adept  
  30  2:44  Probe (Chrono Boost)  
  31  2:53  Probe (Chrono Boost)  
  31  2:55  Probe (Chrono Boost)  
  33  2:58  Stargate  
  33  3:03  Probe (Chrono Boost)  
  35  3:05  Probe (Chrono Boost)  
  35  3:09  Adept  
  35  3:12  Pylon  
  37  3:14  Probe (Chrono Boost)  
  37  3:17  Probe (Chrono Boost)  
  39  3:24  Probe (Chrono Boost)  
  40  3:28  Probe (Chrono Boost)  
  41  3:34  Probe (Chrono Boost)  
  41  3:38  Probe (Chrono Boost)  
  43  3:41  Oracle (Chrono Boost)  
  43  3:44  Probe  
  47  3:49  Probe  
  47  3:54  Nexus  
  48  3:56  Probe  
  48  3:57  Pylon  
  49  4:05  Robotics Facility  
  49  4:12  Probe  
  49  4:15  Probe  
  53  4:19  Assimilator  
  53  4:23  Assimilator  
  54  4:28  Pylon  
Show
View Real Time Build Order
Export as new Build Order

Miszu Terran 

Build Orders: Reaper Expand 

Get SALT Encoding   

  12  0:00  SCV  
  13  0:12  SCV  
  14  0:17  Supply Depot  
  14  0:24  SCV  
  15  0:39  SCV  
  15  0:42  Barracks  
  16  0:44  Refinery  
  16  0:51  SCV  
  17  1:03  SCV  
  18  1:15  SCV  
  19  1:29  Reaper, Orbital Command  
  20  1:43  Command Center  
  20  1:52  Supply Depot  
  20  1:54  SCV  
  21  2:02  Barracks Reactor  
  21  2:06  SCV  
  22  2:13  Barracks  
  22  2:18  SCV  
  22  2:21  Engineering Bay  
  23  2:30  SCV  
  23  2:33  Refinery  
  24  2:38  Marine x2  
  24  2:43  SCV  
  26  2:55  Marine, SCV  
  26  2:56  Marine  
  30  2:58  Orbital Command  
  30  3:02  Barracks Tech Lab  
  29  3:08  SCV  
  30  3:13  Marine x2  
  32  3:20  Marine  
  32  3:24  SCV  
  32  3:26  SCV  
  35  3:31  Marine x2  
  37  3:36  SCV  
  37  3:39  Barracks  
  37  3:41  SCV  
  39  3:42  Marauder  
  39  3:45  Supply Depot  
  41  3:49  SCV  
  41  3:53  SCV  
  41  3:55  Refinery  
  43  3:58  Factory  
  43  4:01  SCV  
  44  4:04  Marine  
  44  4:05  SCV  
  44  4:07  Supply Depot  
  48  4:10  Marauder  
  48  4:13  SCV  
  49  4:17  SCV  
  50  4:31  Supply Depot  
Tags
 
Add a new tag
Caveats
  • Supply blocks, unpowered buildings, or Contaminate may cause inaccurate times.
  • Supply counts are checked every 10 seconds.